 Dungeon Crawl Stone Soup version 0.14-a0-736-g2a71271 (webtiles) character file.

79 Malachi the Insei (level 3, 0/28 HPs)
             Began as a Draconian Transmuter on Nov 7, 2013.
             Succumbed to poison (a potion of poison)
             ... on Level 2 of the Dungeon.
             The game lasted 00:02:37 (1211 turns).

Malachi the Ruffian (Draconian Transmuter)          Turns: 1211, Time: 00:02:37

HP   0/28        AC  5     Str 12      XL: 3   Next: 71%
MP   4/4         EV 17     Int 17      God:
Gold 23          SH  0     Dex 16      Spells:  3 memorised,  0 levels left

Res.Fire  : . . .   See Invis. : .     - Unarmed
Res.Cold  : . . .   Warding    : .   (armour unavailable)
Life Prot.: . . .   Conserve   : .   (no shield)
Res.Poison: .       Res.Corr.  : .   (helmet restricted)
Res.Elec. : .       Clarity    : .   (no cloak)
Sust.Abil.: . .     Spirit.Shd : .   (no gloves)
Res.Mut.  : .       Stasis     : .   (no boots)
Res.Rott. : .       Flight     : +   (no amulet)
Saprovore : . . .                    (no ring)
                                     (no ring)

@: brilliant, agile, flying, mildly poisoned, not resistant to hostile
enchantments, stealthy
A: unfitting armour, beak, horns 1, carnivore 1, fast metabolism 1, slow healing
1, AC +5, Int -2
a: no special abilities


You were on level 2 of the Dungeon.
You were not hungry.

You visited 1 branch of the dungeon, and saw 2 of its levels.

You collected 23 gold pieces.

Inventory:

Missiles
 b - 27 arrows
Comestibles
 a - 2 bread rations
 c - a pear
Scrolls
 h - 3 scrolls of teleportation {unknown}
 i - 4 scrolls of identify {unknown}
 j - 2 scrolls of recharging {unknown}
 k - 2 scrolls of remove curse {unknown}
 l - a scroll of noise {unknown}
 n - a scroll of blinking {unknown}
 p - a scroll of curse jewellery {unknown}
Books
 d - a book of Changes

   Spells                             Type                      Level
   *Beastly Appendage                 Transmutation                1
   *Sticks to Snakes                  Transmutation                2
   *Spider Form                       Transmutation/Poison         3
   Ice Form                           Ice/Transmutation            4
   Blade Hands                        Transmutation                5


   Skills:
 - Level 1.5 Fighting
 - Level 2.0 Dodging
 - Level 3.6 Unarmed Combat
 - Level 2.0 Spellcasting
 * Level 2.5 Transmutations
 * Level 1.4 Poison Magic


You couldn't memorise any spells.
You knew the following spells:

 Your Spells              Type           Power        Failure   Level  Hunger
a - Beastly Appendage     Trmt           ###...       1%          1    #......
b - Sticks to Snakes      Trmt           ###.......   1%          2    ###....
c - Spider Form           Trmt/Pois      ###.......   3%          3    ####...


Dungeon Overview and Level Annotations

Branches:
Dungeon (2/27)

Altars:


Innate Abilities, Weirdness & Mutations

Your plain brown scales are hard (AC +5).*
Your body does not fit into most forms of armour.
Your cold-blooded metabolism reacts poorly to cold.
You have a beak for a mouth.*
You have a pair of small horns on your head.*
Your digestive system is specialised to digest meat.
You are dopey. (Int -2)
You have a fast metabolism.
You heal slowly when monsters are visible.


Message History

* * * LOW HITPOINT WARNING * * *
You feel sick.
You start resting.
* * * LOW HITPOINT WARNING * * *
You feel sick.
You start resting.
* * * LOW HITPOINT WARNING * * *
You feel sick.
You start resting.
* * * LOW HITPOINT WARNING * * *
You feel sick.
You feel a little better.
You start resting.
* * * LOW HITPOINT WARNING * * *
You feel sick.
You start resting.
* * * LOW HITPOINT WARNING * * *
You feel sick.
You start resting.
You die...

#.# #. #.# #.. .#.#
###.. .#.# .... #.#.#
####..###.#.#
#.........#.#
#.....>...#.#
#......@..#.# #
##.....>...#.# .
...........#.# #.
##........)#.# #.
####.####.#.#
.####.### #.# #)#.#
.........####.####(#.#
...................#.#
..####.#.#......####.#


There were no monsters in sight!

Vanquished Creatures
  An adder (D:2)
  A giant gecko (D:1)
  10 bats
  4 giant cockroaches
  2 goblins (D:1)
  7 hobgoblins
  2 jackals (D:1)
  7 kobolds
  A ball python (D:2)
  A giant newt (D:2)
  5 rats
41 creatures vanquished.

Notes
Turn   | Place    | Note
--------------------------------------------------------------
     0 | D:1      | Malachi, the Draconian Transmuter, began the quest for the Orb.
     0 | D:1      | Reached XP level 1. HP: 16/16 MP: 1/1
   177 | D:1      | Reached XP level 2. HP: 23/23 MP: 0/3
   785 | D:1      | Reached XP level 3. HP: 26/28 MP: 4/4
   789 | D:1      | Learned a level 2 spell: Sticks to Snakes
   793 | D:1      | Learned a level 3 spell: Spider Form
  1011 | D:2      | Reached skill level 1 in Poison Magic
  1188 | D:2      | Gained mutation: You have a beak for a mouth. [potion of mutation]
  1188 | D:2      | Gained mutation: Your digestive system is specialised to digest meat. [potion of mutation]
  1188 | D:2      | Gained mutation: You have a fast metabolism. [potion of mutation]
  1189 | D:2      | Gained mutation: You are dopey. (Int -2) [potion of mutation]
  1189 | D:2      | Gained mutation: You heal slowly when monsters are visible. [potion of mutation]
  1189 | D:2      | Gained mutation: You have a pair of small horns on your head. [potion of mutation]
  1209 | D:2      | HP: 1/28 [poison (a potion of poison)]
  1211 | D:2      | Succumbed to poison (a potion of poison)

Action                   || total
-------------------------++-------
Melee: Unarmed           ||   168
 Cast: Beastly Appendage ||     4
  Use: Potion            ||     6
